[Event "GambitGuide"]
[Site "Internet Chess Club"]
[Date "2014.10.30"]
[Round "1"]
[White "JSBach"]
[Black "pasha"]
[Result "0-1"]
[ICCResult "White checkmated"]
[WhiteElo "1647"]
[BlackElo "2104"]
[Opening "Vienna: `Frankenstein-Dracula' variation"]
[ECO "C27"]
[NIC "VG.02"]
[Time "21:49:59"]
[TimeControl "120+12"]

1. e4 e5 2. Nc3 Nf6 3. Bc4 Nxe4 4. Qh5 Nd6 5. Bb3 Nc6 6. Nb5 g6 7. Qf3 f5 8.
Qd5 Qe7 9. Nxc7+ Kd8 10. Nxa8 b6 11. Ba4 Bb7 12. Nxb6 axb6 13. Qb3 Kc7 14.
Nf3 Nd4 15. Nxd4 exd4+ 16. Kf1 Bg7 17. Qg3 Re8 18. f3 Qe2+ 19. Kg1 Qd1+ 20.
Kf2 Qe2+ 21. Kg1 Qd1+ 22. Kf2 Re2# {White checkmated} 0-1

[Event "GambitGuide"]
[Site "Internet Chess Club"]
[Date "2014.10.30"]
[Round "1"]
[White "JSBach"]
[Black "pasha"]
[Result "0-1"]
[ICCResult "White checkmated"]
[WhiteElo "1647"]
[BlackElo "2104"]
[Opening "Vienna: `Frankenstein-Dracula' variation"]
[ECO "C27"]
[NIC "VG.02"]
[Time "21:51:03"]
[TimeControl "120+12"]

1. e4 e5 2. Nc3 Nf6 3. Bc4 Nxe4 4. Qh5 Nd6 5. Bb3 Nc6 6. Nb5 g6 7. Qf3 f5 8.
Qd5 Qe7 9. Nxc7+ Kd8 10. Nxa8 b6 11. Ba4 Bb7 12. Nxb6 axb6 13. Qb3 Kc7 14.
Ne2 Qg5 15. Qg3 Qf6 16. Nc3 Nd4 17. O-O h5 18. f4 h4 19. Qe3 exf4 20. Rxf4
Bg7 21. Bb3 h3 22. g3 Re8 23. Qd3 g5 24. Rf2 Re1+ 25. Rf1 Qe5 26. Kf2 Nf3
27. Bd5 Rxf1+ 28. Qxf1 Bxd5 29. Nxd5+ Qxd5 30. Qxh3 Bd4+ 31. Kf1 Qe4 32. Qh5
Qe1+ 33. Kg2 g4 34. Qxg4 fxg4 35. c3 Qg1# {White checkmated} 0-1

[Event "GambitGuide"]
[Site "Internet Chess Club"]
[Date "2014.10.30"]
[Round "1"]
[White "JSBach"]
[Black "myner49r"]
[Result "0-1"]
[ICCResult "White checkmated"]
[WhiteElo "1647"]
[BlackElo "1247"]
[Opening "Vienna: `Frankenstein-Dracula' variation"]
[ECO "C27"]
[NIC "VG.02"]
[Time "21:44:32"]
[TimeControl "120+12"]

1. e4 e5 2. Nc3 Nf6 3. Bc4 Nxe4 4. Qh5 Nd6 5. Bb3 Nc6 6. Nb5 g6 7. Qf3 f5 8.
Qd5 Qe7 9. Nxc7+ Kd8 10. Nxa8 b6 11. Ba4 Bb7 12. Nxb6 axb6 13. Qb3 b5 14.
Nf3 bxa4 15. Qxa4 e4 16. Nd4 Bg7 17. Ne2 Qe5 18. O-O Qb5 19. Qxb5 Nxb5 20.
a4 Nbd4 21. Nxd4 Nxd4 22. c3 Nb3 23. Ra3 Nxc1 24. Rxc1 f4 25. b4 e3 26. dxe3
fxe3 27. fxe3 Re8 28. Re1 Re4 29. b5 Bh6 30. Kf2 Rg4 31. g3 Rc4 32. a5 Bf8
33. Rb3 Bg7 34. a6 Ba8 35. b6 Rxc3 36. Rxc3 Bxc3 37. Rc1 Be5 38. Rc5 d6 39.
Rxe5 dxe5 40. h4 Kd7 41. h5 Kc6 42. hxg6 hxg6 43. b7 Bxb7 44. axb7 Kxb7 45.
e4 Kc6 46. g4 g5 47. Kf3 Kc5 48. Ke3 Kc4 49. Ke2 Kd4 50. Kd2 Kxe4 51. Kc3
Kf4 52. Kb3 Kxg4 53. Kc3 Kf3 54. Kc4 e4 55. Kd4 e3 56. Kd3 e2 57. Kd2 Kf2
58. Kd3 e1=Q 59. Kd4 g4 60. Kc4 g3 61. Kd5 g2 62. Kc5 g1=Q 63. Kc4 Qg8+ 64.
Kc5 Qd8 65. Kc4 Qc1+ 66. Kb5 Qb8+ 67. Ka5 Qa3# {White checkmated} 0-1

[Event "GambitGuide"]
[Site "Internet Chess Club"]
[Date "2014.10.30"]
[Round "1"]
[White "JSBach"]
[Black "Cupid11"]
[Result "0-1"]
[ICCResult "White checkmated"]
[WhiteElo "1647"]
[BlackElo "1919"]
[Opening "Vienna: `Frankenstein-Dracula' variation"]
[ECO "C27"]
[NIC "VG.02"]
[Time "21:51:04"]
[TimeControl "120+12"]

1. e4 e5 2. Nc3 Nf6 3. Bc4 Nxe4 4. Qh5 Nd6 5. Bb3 Nc6 6. Nb5 g6 7. Qf3 f5 8.
Qd5 Qe7 9. Nxc7+ Kd8 10. Nxa8 b6 11. Ba4 Bb7 12. Nxb6 axb6 13. Qb3 b5 14.
Nf3 bxa4 15. Qxa4 Bg7 16. O-O Kc7 17. Re1 Ra8 18. Qb3 Qf7 19. Qxf7 Nxf7 20.
Re3 d5 21. a4 d4 22. Re2 Nd6 23. Ng5 Ba6 24. d3 Kd7 25. f4 e4 26. Nxh7 exd3
27. cxd3 Bxd3 28. Rd2 Be4 29. Ng5 Nc4 30. Re2 Bd5 31. Rc2 Nb4 32. Re2 d3 33.
Re1 Nc2 34. Rd1 Nxa1 35. Rxd3 Kc6 36. b3 Nd6 37. Bd2 Nxb3 38. Bc3 Bxc3 39.
Rxc3+ Nc5 40. Nf3 Bxf3 41. Rxf3 Rxa4 42. g3 Nde4 43. Re3 Ra2 44. Kh1 Kd5 45.
Kg1 Kd4 46. Re1 Nd3 47. Rb1 Ke3 48. Rb6 Ne1 49. Rb3+ Nd3 50. Rb6 Kf3 51. Rb1
Rg2+ 52. Kh1 Nef2# {White checkmated} 0-1

[Event "GambitGuide"]
[Site "Internet Chess Club"]
[Date "2014.10.30"]
[Round "1"]
[White "JSBach"]
[Black "HermanSteiner"]
[Result "1-0"]
[ICCResult "Black resigns"]
[WhiteElo "1647"]
[BlackElo "2000"]
[Opening "Vienna: `Frankenstein-Dracula' variation"]
[ECO "C27"]
[NIC "VG.02"]
[Time "21:50:31"]
[TimeControl "120+12"]

1. e4 e5 2. Nc3 Nf6 3. Bc4 Nxe4 4. Qh5 Nd6 5. Bb3 Nc6 6. Nb5 g6 7. Qf3 f5 8.
Qd5 Qe7 9. Nxc7+ Kd8 10. Nxa8 b6 11. Ba4 Bb7 12. Nxb6 axb6 13. Qb3 Nd4 14.
Qxb6+ Ke8 15. Kf1 Kf7 16. c3 Ne6 17. d3 Bg7 18. Ne2 Ra8 19. Bb3 Kf8 20. Bd2
Ra6 21. Qb4 Bc6 22. Bxe6 dxe6 23. f3 Qc7 24. Be3 Kf7 25. Bc5 Nb7 26. Be3 Bf8
27. Qc4 Ra4 28. b4 Nd6 29. Qb3 Qb7 30. Rd1 Qa6 31. Nc1 Ra3 32. Qb2 e4 33.
fxe4 Nxe4 34. Bd4 Bh6 35. Kg1 Nd6 36. Bc5 Nb7 37. b5 Bxb5 38. Bxa3 Bxc1 39.
Qxc1 Bxd3 40. Qb2 e5 41. Rxd3 Qxd3 42. Qxb7+ {Black resigns} 1-0

[Event "GambitGuide"]
[Site "Internet Chess Club"]
[Date "2014.10.30"]
[Round "1"]
[White "JSBach"]
[Black "nightyknight"]
[Result "1-0"]
[ICCResult "Black resigns"]
[WhiteElo "1647"]
[BlackElo "1189"]
[Opening "Vienna: `Frankenstein-Dracula' variation"]
[ECO "C27"]
[NIC "VG.02"]
[Time "21:46:43"]
[TimeControl "120+12"]

1. e4 e5 2. Nc3 Nf6 3. Bc4 Nxe4 4. Qh5 Nd6 5. Bb3 Nc6 6. Nb5 g6 7. Qf3 f5 8.
Qd5 Qe7 9. Nxc7+ Kd8 10. Nxa8 b6 11. Ba4 e4 12. Bxc6 dxc6 13. Qxc6 Bb7 14.
Qc3 Bg7 15. Qc7+ Ke8 16. Qb8+ Kf7 17. Qxa7 Bxa8 18. Qxb6 e3 19. Qb3+ Kf8 20.
fxe3 Bxg2 21. Qb8+ Kf7 22. Qb3+ Kf8 23. Qb8+ Kf7 24. Qb3+ Kf8 25. Qb8+ Kf7
26. Qb3+ Kf8 27. Nf3 Bxh1 28. Qd5 Ne4 29. Qa8+ Kf7 30. Qd5+ Kf8 31. Qa8+ Kf7
32. Qd5+ Kf8 33. Qa8+ Kf7 34. Qd5+ Kf8 35. Qa8+ Kf7 36. Qd5+ Kf8 37. Qa8+
Kf7 38. Qd5+ Kf8 39. Qa8+ Kf7 40. Qd5+ Kf8 41. Qa8+ Kf7 42. Qd5+ Kf8 43.
Qa8+ Kf7 44. Qd5+ Kf8 45. Qa8+ Kf7 46. Qd5+ Kf8 47. Qa8+ Kf7 48. Qd5+ Kf8
49. Qa8+ Kf7 50. Qd5+ Kf8 51. Qa8+ Kf7 52. Qd5+ Kf8 53. Qa8+ Kf7 54. Qd5+
Kf8 55. Qa8+ Kf7 56. Qd5+ Kf8 57. Qa8+ Kf7 58. Qd5+ Kf8 59. Qa8+ Kf7 60.
Qd5+ Kf8 61. Qa8+ Kf7 62. Qd5+ Kf8 63. Qa8+ Kf7 64. Qd5+ Kf8 65. Qa8+ Kf7
66. Qd5+ Kf8 67. Qa8+ Kf7 68. Qd5+ Kf8 69. Qa8+ Kf7 70. Qd5+ Kf8 71. Qa8+
Kf7 72. Qd5+ Kf8 73. Qa8+ Kf7 74. Qd5+ Kf8 75. Qa8+ Kf7 76. Qd5+ Kf8 77.
Qa8+ Kf7 78. Qd5+ Qe6 79. Qxe6+ Kxe6 80. Nd4+ Bxd4 81. exd4 Re8 82. b4 Nd6
83. Kf1 Kd5 84. Bb2 Bf3 85. Kf2 Be4 86. d3 Nb5 87. c4+ Ke6 88. dxe4 Nd6 89.
exf5+ Kxf5 90. c5 Nc4 91. Bc3 Na3 92. Re1 Rxe1 93. Bxe1 Nc2 94. c6 Nxd4 95.
c7 {Black resigns} 1-0

[Event "GambitGuide"]
[Site "Internet Chess Club"]
[Date "2014.10.30"]
[Round "1"]
[White "JSBach"]
[Black "Shafkat"]
[Result "1-0"]
[ICCResult "Black resigns"]
[WhiteElo "1647"]
[BlackElo "1470"]
[Opening "Vienna: `Frankenstein-Dracula' variation"]
[ECO "C27"]
[NIC "VG.02"]
[Time "21:53:16"]
[TimeControl "120+12"]

1. e4 e5 2. Nc3 Nf6 3. Bc4 Nxe4 4. Qh5 Nd6 5. Bb3 Nc6 6. Nb5 g6 7. Qf3 f5 8.
Qd5 Qe7 9. Nxc7+ Kd8 10. Nxa8 b6 11. Ba4 Bg7 12. Bxc6 dxc6 13. Qb3 Be6 14.
Qa4 Qb7 15. Qh4+ Ke8 16. Nxb6 axb6 17. Nf3 h6 18. Qg3 Kf7 19. Nxe5+ Bxe5 20.
Qxe5 Re8 21. Qxd6 {Black resigns} 1-0

[Event "GambitGuide"]
[Site "Internet Chess Club"]
[Date "2014.10.30"]
[Round "1"]
[White "JSBach"]
[Black "gbpackerfan"]
[Result "1-0"]
[ICCResult "Black resigns"]
[WhiteElo "1647"]
[BlackElo "1643"]
[Opening "Vienna: `Frankenstein-Dracula' variation"]
[ECO "C27"]
[NIC "VG.02"]
[Time "21:54:03"]
[TimeControl "120+12"]

1. e4 e5 2. Nc3 Nf6 3. Bc4 Nxe4 4. Qh5 Nd6 5. Bb3 Nc6 6. Nb5 g6 7. Qf3 f5 8.
Qd5 Qe7 9. Nxc7+ Kd8 10. Nxa8 b6 11. Ba4 Bb7 12. Nxb6 axb6 13. Qb3 b5 14.
Nf3 bxa4 15. Qxa4 Bg7 16. O-O e4 17. Ne1 f4 18. d3 exd3 19. Nxd3 Ne4 20. Re1
Nxf2 21. Rxe7 {Black resigns} 1-0

[Event "GambitGuide"]
[Site "Internet Chess Club"]
[Date "2014.10.30"]
[Round "1"]
[White "JSBach"]
[Black "GSartoris"]
[Result "1-0"]
[ICCResult "Black resigns"]
[WhiteElo "1647"]
[BlackElo "1486"]
[Opening "Vienna: `Frankenstein-Dracula' variation"]
[ECO "C27"]
[NIC "VG.02"]
[Time "21:50:27"]
[TimeControl "120+12"]

1. e4 e5 2. Nc3 Nf6 3. Bc4 Nxe4 4. Qh5 Nd6 5. Bb3 Nc6 6. Nb5 g6 7. Qf3 f5 8.
Qd5 Qe7 9. Nxc7+ Kd8 10. Nxa8 b6 11. Ba4 Bb7 12. Nxb6 Qg5 13. Bxc6 Bxc6 14.
Qxe5 Rg8 15. d4 Qxg2 16. Bg5+ Kc7 17. Qa5 axb6 18. Qa7+ Nb7 19. Bd8+ Kxd8
20. Qxb6+ Ke8 21. Qb3 Bd5 22. Qb5 Qxh1 23. O-O-O Qe4 24. Ne2 Bd6 25. Re1
Bf4+ 26. Kd1 Qf3 27. Qxd5 Rg7 28. Qxf3 {Black resigns} 1-0

[Event "GambitGuide"]
[Site "Internet Chess Club"]
[Date "2014.10.30"]
[Round "1"]
[White "JSBach"]
[Black "MrZippy"]
[Result "1-0"]
[ICCResult "Black resigns"]
[WhiteElo "1647"]
[BlackElo "1506"]
[Opening "Vienna: `Frankenstein-Dracula' variation"]
[ECO "C27"]
[NIC "VG.02"]
[Time "21:50:50"]
[TimeControl "120+12"]

1. e4 e5 2. Nc3 Nf6 3. Bc4 Nxe4 4. Qh5 Nd6 5. Bb3 Nc6 6. Nb5 g6 7. Qf3 f5 8.
Qd5 Qe7 9. Nxc7+ Kd8 10. Nxa8 b6 11. Ba4 b5 12. Bxb5 Nxb5 13. Qxb5 Qc5 14.
Qxc5 Bxc5 15. c3 Bb7 16. d4 Bd6 17. dxe5 Bxe5 18. Bg5+ Kc8 19. f4 Bg7 20.
Kf2 Bxa8 21. Re1 Kc7 22. Re2 Bb7 23. Nf3 Ba6 24. Re3 h6 25. Be7 Rb8 26. Ba3
Bc4 27. b3 Be6 28. Nh4 g5 29. fxg5 hxg5 30. Nf3 f4 31. Rd3 g4 32. Bd6+ Kb7
33. Bxb8 Kxb8 34. Ne1 Ne5 35. Rd6 g3+ 36. hxg3 fxg3+ 37. Kxg3 Nc4 38. Rxe6
dxe6 39. bxc4 Bxc3 40. c5 Kc7 41. Nd3 Kc6 42. Rh6 Kd5 43. Kf3 e5 44. Rd6+
Kc4 45. g4 Bd4 46. Rxd4+ Kxd4 47. c6 e4+ 48. Kg3 exd3 49. c7 d2 50. c8=Q Kd3
51. Qd7+ Kc2 52. Qa4+ Kc1 53. Qc4+ Kb1 54. Qd3+ Kc1 55. Qc4+ Kb1 56. Qd3+
Kc1 57. Qc3+ Kd1 58. g5 a5 59. Qxa5 Kc1 60. Qc3+ Kd1 61. g6 Ke1 62. g7 Ke2
63. g8=Q d1=Q 64. Qgc4+ {Black resigns} 1-0

[Event "GambitGuide"]
[Site "Internet Chess Club"]
[Date "2014.10.30"]
[Round "1"]
[White "JSBach"]
[Black "Cupid11"]
[Result "1-0"]
[ICCResult "Black resigns"]
[WhiteElo "1647"]
[BlackElo "1919"]
[Opening "Vienna: `Frankenstein-Dracula' variation"]
[ECO "C27"]
[NIC "VG.02"]
[Time "21:54:08"]
[TimeControl "120+12"]

1. e4 e5 2. Nc3 Nf6 3. Bc4 Nxe4 4. Qh5 Nd6 5. Bb3 Nc6 6. Nb5 g6 7. Qf3 f5 8.
Qd5 Qe7 9. Nxc7+ Kd8 10. Nxa8 b6 11. Ba4 Bb7 12. Nxb6 axb6 13. Qb3 b5 14.
Ne2 bxa4 15. Qxa4 Bg7 16. O-O Kc7 17. Re1 Ra8 18. Qb3 Qf7 19. Qh3 h6 20. a4
Qc4 21. Nc3 Nd4 22. b3 Qf7 23. Ra2 N6b5 24. axb5 Rxa2 25. Nxa2 Nxc2 26. Qc3+
{Black resigns}
1-0

[Event "GambitGuide"]
[Site "Internet Chess Club"]
[Date "2014.10.30"]
[Round "1"]
[White "JSBach"]
[Black "Lyko"]
[Result "1-0"]
[ICCResult "Black resigns"]
[WhiteElo "1647"]
[BlackElo "1205"]
[Opening "Vienna: `Frankenstein-Dracula' variation"]
[ECO "C27"]
[NIC "VG.02"]
[Time "21:54:22"]
[TimeControl "120+12"]

1. e4 e5 2. Nc3 Nf6 3. Bc4 Nxe4 4. Qh5 Nd6 5. Bb3 Nc6 6. Nb5 g6 7. Qf3 f5 8.
Qd5 Qe7 9. Nxc7+ Kd8 10. Nxa8 b6 11. Ba4 Qe6 12. Qxe6 dxe6 13. Bxc6 Be7 14.
Nf3 Ba6 15. Nxe5 Nc4 16. Nf7+ {Black resigns} 1-0

[Event "GambitGuide"]
[Site "Internet Chess Club"]
[Date "2014.10.30"]
[Round "1"]
[White "JSBach"]
[Black "nightyknight"]
[Result "1-0"]
[ICCResult "Black resigns"]
[WhiteElo "1647"]
[BlackElo "1189"]
[Opening "Vienna: `Frankenstein-Dracula' variation"]
[ECO "C27"]
[NIC "VG.02"]
[Time "21:54:23"]
[TimeControl "120+12"]

1. e4 e5 2. Nc3 Nf6 3. Bc4 Nxe4 4. Qh5 Nd6 5. Bb3 Nc6 6. Nb5 g6 7. Qf3 f5 8.
Qd5 Qe7 9. Nxc7+ Kd8 10. Nxa8 b6 11. Ba4 e4 12. Bxc6 dxc6 13. Qxc6 Bb7 14.
Qc3 Bg7 15. Qc7+ Ke8 16. Qb8+ Kf7 17. Qxa7 e3 18. fxe3 Bxg2 19. Qxe7+ Kxe7
20. Nxb6 Bxh1 21. c4 Ne4 22. Nd5+ Ke6 23. Ne2 Rc8 24. Nef4+ Ke5 25. d4+ Kd6
26. c5+ Kc6 27. Ne7+ {Black resigns} 1-0

[Event "GambitGuide"]
[Site "Internet Chess Club"]
[Date "2014.10.30"]
[Round "1"]
[White "JSBach"]
[Black "CrazyoPenings"]
[Result "0-1"]
[ICCResult "White checkmated"]
[WhiteElo "1647"]
[BlackElo "2490"]
[Opening "Vienna: `Frankenstein-Dracula' variation"]
[ECO "C27"]
[NIC "VG.02"]
[Time "21:56:16"]
[TimeControl "120+12"]

1. e4 e5 2. Nc3 Nf6 3. Bc4 Nxe4 4. Qh5 Nd6 5. Bb3 Nc6 6. Nb5 g6 7. Qf3 f5 8.
Qd5 Qe7 9. Nxc7+ Kd8 10. Nxa8 b6 11. Ba4 Bb7 12. Nxb6 axb6 13. Qb3 b5 14.
Nf3 bxa4 15. Qxa4 e4 16. Nd4 Nxd4 17. Qxd4 Bg7 18. Qc5 f4 19. Rb1 Re8 20.
Qb6+ Kc8 21. b4 Nc4 22. Qb5 Qe6 23. a3 Bd4 24. c3 Ba7 25. Qa4 Kb8 26. Qb5 e3
27. fxe3 fxe3 28. d3 e2 29. dxc4 Bf2+ 30. Kd2 e1=Q+ 31. Rxe1 Qxe1+ 32. Kc2
Re2+ 33. Kd3 Qd1+ 34. Bd2 Qxd2# {White checkmated} 0-1

[Event "GambitGuide"]
[Site "Internet Chess Club"]
[Date "2014.10.30"]
[Round "1"]
[White "JSBach"]
[Black "Shafkat"]
[Result "1-0"]
[ICCResult "Black resigns"]
[WhiteElo "1647"]
[BlackElo "1465"]
[Opening "Vienna: `Frankenstein-Dracula' variation"]
[ECO "C27"]
[NIC "VG.02"]
[Time "21:57:56"]
[TimeControl "120+12"]

1. e4 e5 2. Nc3 Nf6 3. Bc4 Nxe4 4. Qh5 Nd6 5. Bb3 Nc6 6. Nb5 g6 7. Qf3 f5 8.
Qd5 Qe7 9. Nxc7+ Kd8 10. Nxa8 b6 11. Ba4 Bb7 12. Nxb6 axb6 13. Qb3 b5 14. d3
bxa4 15. Qxa4 Bg7 16. Be3 Ke8 17. Nf3 Kf7 18. Qb3+ Qe6 19. Ng5+ Ke7 20. Nxe6
dxe6 21. Bc5 {Black resigns} 1-0

[Event "GambitGuide"]
[Site "Internet Chess Club"]
[Date "2014.10.30"]
[Round "1"]
[White "JSBach"]
[Black "HermanSteiner"]
[Result "0-1"]
[ICCResult "White checkmated"]
[WhiteElo "1647"]
[BlackElo "2000"]
[Opening "Vienna: `Frankenstein-Dracula' variation"]
[ECO "C27"]
[NIC "VG.02"]
[Time "21:54:24"]
[TimeControl "120+12"]

1. e4 e5 2. Nc3 Nf6 3. Bc4 Nxe4 4. Qh5 Nd6 5. Bb3 Nc6 6. Nb5 g6 7. Qf3 f5 8.
Qd5 Qe7 9. Nxc7+ Kd8 10. Nxa8 b6 11. Ba4 Bb7 12. Nxb6 axb6 13. Qb3 Kc7 14.
Ne2 Bg7 15. Nc3 Nd4 16. Nd5+ Bxd5 17. Qxd5 e4 18. Bb3 Rf8 19. c3 Nc6 20. O-O
Ne5 21. Re1 Qh4 22. h3 Nd3 23. Rf1 f4 24. Bc2 f3 25. Bxd3 fxg2 26. Kxg2 Rf3
27. Bxe4 Qxh3+ 28. Kg1 Qg4+ 29. Kh1 Nxe4 30. Qc4+ Kd8 31. Qg8+ Bf8 32. Qxh7
Rh3+ 33. Qxh3 Qxh3+ 34. Kg1 Qg4+ 35. Kh1 Qf3+ 36. Kg1 Bd6 37. d4 Qg4+ 38.
Kh1 Qh3+ 39. Kg1 Qh2# {White checkmated} 0-1

[Event "GambitGuide"]
[Site "Internet Chess Club"]
[Date "2014.10.30"]
[Round "1"]
[White "JSBach"]
[Black "nightyknight"]
[Result "1-0"]
[ICCResult "Black resigns"]
[WhiteElo "1647"]
[BlackElo "1189"]
[Opening "Vienna: `Frankenstein-Dracula' variation"]
[ECO "C27"]
[NIC "VG.02"]
[Time "21:55:45"]
[TimeControl "120+12"]

1. e4 e5 2. Nc3 Nf6 3. Bc4 Nxe4 4. Qh5 Nd6 5. Bb3 Nc6 6. Nb5 g6 7. Qf3 f5 8.
Qd5 Qe7 9. Nxc7+ Kd8 10. Nxa8 b6 11. Ba4 Bb7 12. Nxb6 axb6 13. Qb3 b5 14.
Ne2 bxa4 15. Qxa4 e4 16. Nf4 Ne5 17. Qd4 Bg7 18. Qc5 Qf7 19. Qxd6 Re8 20.
O-O g5 21. Nh3 h6 22. Qb8+ Ke7 23. Qxb7 Qg6 24. f4 exf3 25. gxf3 g4 26. Nf4
Qg5 27. Qb4+ Kf6 28. Qd6+ Re6 29. Nxe6 dxe6 30. f4 Nf3+ 31. Rxf3 gxf3+ 32.
fxg5+ hxg5 33. Qd4+ e5 34. Qd6+ Kf7 35. Qd7+ Kg6 36. Qe8+ Kh6 37. Qe6+ Kh5
38. Qxf5 {Black resigns} 1-0

[Event "GambitGuide"]
[Site "Internet Chess Club"]
[Date "2014.10.30"]
[Round "1"]
[White "JSBach"]
[Black "Ernie1"]
[Result "1/2-1/2"]
[ICCResult "Game drawn because neither player has mating material"]
[WhiteElo "1647"]
[BlackElo "1381"]
[Opening "Vienna: `Frankenstein-Dracula' variation"]
[ECO "C27"]
[NIC "VG.02"]
[Time "21:53:00"]
[TimeControl "120+12"]

1. e4 e5 2. Nc3 Nf6 3. Bc4 Nxe4 4. Qh5 Nd6 5. Bb3 Nc6 6. Nb5 g6 7. Qf3 f5 8.
Qd5 Qe7 9. Nxc7+ Kd8 10. Nxa8 b6 11. Ba4 Bb7 12. Nxb6 axb6 13. Qb3 Kc7 14.
Ne2 Qg5 15. O-O Nd4 16. Qc3+ Kb8 17. Qh3 Nf3+ 18. Kh1 Nh4 19. f3 e4 20. Bxd7
exf3 21. gxf3 Nc4 22. Nd4 Ne5 23. Ne6 Nexf3 24. Bc6 Bxc6 25. Rxf3 Bxf3+ 26.
Qxf3 Nxf3 27. Nxg5 Nxg5 28. d3 h6 29. Bf4+ Kb7 30. Be5 Rg8 31. c3 Kc6 32.
Kg2 Bd6 33. Bd4 Ne6 34. Be3 f4 35. Bd2 g5 36. Re1 Rg6 37. Kf2 g4 38. d4 g3+
39. Kg2 h5 40. Rf1 Rf6 41. hxg3 Rg6 42. Rh1 Rxg3+ 43. Kf2 Ng7 44. c4 f3 45.
Bh6 Nf5 46. d5+ Kc5 47. Rxh5 Nxh6 48. Rxh6 Rg2+ 49. Kxf3 Rxb2 50. a3 Ra2 51.
Ke3 Rxa3+ 52. Ke4 Rc3 53. Kf5 Rxc4 54. Rg6 Rd4 55. Rg7 Rxd5+ 56. Ke6 b5 57.
Rg2 Rd4 58. Rc2+ Rc4 59. Rd2 Bf8 60. Rd5+ Kb4 61. Rd3 Rc3 62. Rd1 Kc4 63.
Rf1 b4 64. Rxf8 b3 65. Rf4+ Kd3 66. Rb4 Kc2 67. Ke5 b2 68. Kd4 b1=Q 69. Rxb1
Kxb1 70. Kxc3 {Game drawn because neither player has mating material}
1/2-1/2

[Event "GambitGuide"]
[Site "Internet Chess Club"]
[Date "2014.10.30"]
[Round "1"]
[White "JSBach"]
[Black "MrZippy"]
[Result "1-0"]
[ICCResult "Black checkmated"]
[WhiteElo "1647"]
[BlackElo "1506"]
[Opening "Vienna: `Frankenstein-Dracula' variation"]
[ECO "C27"]
[NIC "VG.02"]
[Time "21:55:19"]
[TimeControl "120+12"]

1. e4 e5 2. Nc3 Nf6 3. Bc4 Nxe4 4. Qh5 Nd6 5. Bb3 Nc6 6. Nb5 g6 7. Qf3 f5 8.
Qd5 Qe7 9. Nxc7+ Kd8 10. Nxa8 b6 11. Ba4 b5 12. Bxb5 Nxb5 13. Qxb5 Qc5 14.
Qxc5 Bxc5 15. d3 Bb7 16. d4 Bxd4 17. c3 Bc5 18. b4 Be7 19. b5 Na5 20. Be3
Bxa8 21. f3 Bf6 22. Bxa7 Ke7 23. Rd1 Rc8 24. Bb6 Nc4 25. Bf2 e4 26. Bd4 Bxd4
27. Rxd4 Ne3 28. Kf2 Rxc3 29. Ne2 Ra3 30. Rc1 Nxg2 31. Rc7 Rxf3+ 32. Kxg2 e3
33. Rdxd7+ Kf6 34. Kg1 h6 35. Rd6+ Kg5 36. Rg7 Rf2 37. Rdxg6+ Kh5 38. Ng3+
Kh4 39. Rxh6# {Black checkmated} 1-0

[Event "GambitGuide"]
[Site "Internet Chess Club"]
[Date "2014.10.30"]
[Round "1"]
[White "JSBach"]
[Black "ADT"]
[Result "1-0"]
[ICCResult "Black resigns"]
[WhiteElo "1647"]
[BlackElo "1860"]
[Opening "Vienna: `Frankenstein-Dracula' variation"]
[ECO "C27"]
[NIC "VG.02"]
[Time "21:58:14"]
[TimeControl "120+12"]

1. e4 e5 2. Nc3 Nf6 3. Bc4 Nxe4 4. Qh5 Nd6 5. Bb3 Nc6 6. Nb5 g6 7. Qf3 f5 8.
Qd5 Qe7 9. Nxc7+ Kd8 10. Nxa8 b6 11. Ba4 Bb7 12. Nxb6 axb6 13. Qb3 b5 14.
Nf3 bxa4 15. Qxa4 Nb8 16. Qa7 Kc8 17. Qc5+ Bc6 18. Nxe5 Qe6 19. Qc3 Nb5 20.
Qe3 Bd6 21. Nxc6 Qd5 22. Na7+ Kb7 23. Nxb5 Qxb5 24. c3 Nc6 25. a4 Qb6 26. b4
Nb8 27. O-O Qc7 28. g3 h5 29. Re1 h4 30. Qd4 hxg3 31. Qxh8 Nc6 32. hxg3 Ne5
33. Re3 Ng4 34. Rd3 Bxg3 35. Qh1+ Kb8 36. Rxg3 Qc4 37. Qh7 Qe2 38. Qh8+ Kb7
39. Qh1+ Kb8 40. Qf3 Qe1+ 41. Kg2 Qe5 42. d4 {Black resigns} 1-0

[Event "GambitGuide"]
[Site "Internet Chess Club"]
[Date "2014.10.30"]
[Round "1"]
[White "JSBach"]
[Black "HermanSteiner"]
[Result "0-1"]
[ICCResult "White checkmated"]
[WhiteElo "1647"]
[BlackElo "2000"]
[Opening "Vienna: `Frankenstein-Dracula' variation"]
[ECO "C27"]
[NIC "VG.02"]
[Time "21:59:08"]
[TimeControl "120+12"]

1. e4 e5 2. Nc3 Nf6 3. Bc4 Nxe4 4. Qh5 Nd6 5. Bb3 Nc6 6. Nb5 g6 7. Qf3 f5 8.
Qd5 Qe7 9. Nxc7+ Kd8 10. Nxa8 b6 11. Ba4 Bb7 12. Nxb6 axb6 13. Qb3 Kc7 14.
Ne2 Bg7 15. Nc3 Nd4 16. Nd5+ Bxd5 17. Qxd5 e4 18. Bb3 Rf8 19. c3 Nc6 20. O-O
Ne5 21. Re1 Qh4 22. Re2 Nd3 23. g3 Qh3 24. Bc2 f4 25. Bxd3 f3 26. Qxd6+ Kxd6
27. Rxe4 Qg2# {White checkmated} 0-1

[Event "GambitGuide"]
[Site "Internet Chess Club"]
[Date "2014.10.30"]
[Round "1"]
[White "JSBach"]
[Black "nightyknight"]
[Result "1-0"]
[ICCResult "Black resigns"]
[WhiteElo "1647"]
[BlackElo "1189"]
[Opening "Vienna: `Frankenstein-Dracula' variation"]
[ECO "C27"]
[NIC "VG.02"]
[Time "21:59:54"]
[TimeControl "120+12"]

1. e4 e5 2. Nc3 Nf6 3. Bc4 Nxe4 4. Qh5 Nd6 5. Bb3 Nc6 6. Nb5 g6 7. Qf3 f5 8.
Qd5 Qe7 9. Nxc7+ Kd8 10. Nxa8 b6 11. Ba4 b5 12. Bxb5 Nxb5 13. Qxb5 d5 14.
Qxd5+ Bd7 15. Nf3 Bg7 16. O-O Rg8 17. Qxg8+ {Black resigns} 1-0

[Event "GambitGuide"]
[Site "Internet Chess Club"]
[Date "2014.10.30"]
[Round "1"]
[White "JSBach"]
[Black "GSartoris"]
[Result "1-0"]
[ICCResult "Black resigns"]
[WhiteElo "1647"]
[BlackElo "1486"]
[Opening "Vienna: `Frankenstein-Dracula' variation"]
[ECO "C27"]
[NIC "VG.02"]
[Time "21:56:41"]
[TimeControl "120+12"]

1. e4 e5 2. Nc3 Nf6 3. Bc4 Nxe4 4. Qh5 Nd6 5. Bb3 Nc6 6. Nb5 g6 7. Qf3 f5 8.
Qd5 Qe7 9. Nxc7+ Kd8 10. Nxa8 b6 11. Ba4 Bb7 12. Nxb6 axb6 13. Qb3 Nc8 14.
Ne2 Nd4 15. Nxd4 exd4+ 16. Kf1 Ba6+ 17. Bb5 Bb7 18. Qc4 Bh6 19. Qxd4 Re8 20.
Kg1 Qe1+ 21. Bf1 Ba6 22. c4 Re4 23. Qf6+ Kc7 24. d3 Re6 25. Qc3 Bxc1 26.
Qxc1 Qb4 27. a3 Qc5 28. Qc3 Rd6 29. Re1 Bb7 30. Be2 Re6 31. d4 Qd6 32. c5
bxc5 33. dxc5 Qc6 34. f3 g5 35. b3 g4 36. b4 gxf3 37. Bxf3 Rxe1+ 38. Qxe1
Qb5 39. Qg3+ Kd8 40. Bxb7 Qxb7 41. Qg8+ Kc7 42. Qxh7 Ne7 43. Qxe7
{Black resigns}
1-0

[Event "GambitGuide"]
[Site "Internet Chess Club"]
[Date "2014.10.30"]
[Round "1"]
[White "JSBach"]
[Black "PraPad"]
[Result "1-0"]
[ICCResult "Black resigns"]
[WhiteElo "1647"]
[BlackElo "1583"]
[Opening "Vienna: `Frankenstein-Dracula' variation"]
[ECO "C27"]
[NIC "VG.02"]
[Time "21:58:49"]
[TimeControl "120+12"]

1. e4 e5 2. Nc3 Nf6 3. Bc4 Nxe4 4. Qh5 Nd6 5. Bb3 Nc6 6. Nb5 g6 7. Qf3 f5 8.
Qd5 Qe7 9. Nxc7+ Kd8 10. Nxa8 b6 11. Ba4 Bb7 12. Nxb6 axb6 13. Qb3 b5 14.
Nf3 bxa4 15. Qxa4 e4 16. Nd4 Nxd4 17. Qxd4 Bg7 18. Qc5 f4 19. O-O Re8 20.
Qb6+ Kc8 21. Re1 Nc4 22. Qb5 Nd6 23. Qc5+ Bc6 24. d3 Qh4 25. Qxd6
{Black resigns}
1-0